 Dungeon Crawl Stone Soup version 0.16-a0-4097-gb4d75fa (webtiles) character file.

9417 Chiseanne the Thaumaturge (level 11, -6/68 HPs)
             Began as a Demonspawn Wanderer on Feb 25, 2015.
             Was a High Priest of Vehumet.
             Mangled by a minotaur (27 damage)
             ... in a labyrinth.
             The game lasted 01:04:31 (16956 turns).

Chiseanne the Thaumaturge (Demonspawn Wanderer)    Turns: 16956, Time: 01:04:31

Health: -6/68      AC: 13    Str: 14    XL:     11   Next: 22%
Magic:  31/31      EV: 11    Int: 22    God:    Vehumet [*****.]
Gold:   156        SH:  0    Dex: 17    Spells: 8 memorised, 13 levels left

rFire  + . .     SeeInvis .     a - +7 dagger of Xom's Castigation {venom, *Rage rElec rF+ rC- Int+5}
rCold  x . .     Rnd*Rage +     G - +2 robe "Buadd" {rElec Dex+6}
rNeg   . . .     SustAb   .     (no shield)
rPois  .         Gourm    .     (helmet restricted)
rElec  +         Spirit   .     y - +2 cloak
rCorr  .         Warding  .     (no gloves)
rMut   .         Stasis   .     E - +1 pair of boots
MR     .....                    u - amulet of faith
Stlth  +++.......               x - +3 ring of protection
                                C - ring of stealth

@: not resistant to hostile enchantments, fairly stealthy
A: antennae 1, hooves 1, molten scales 1, powered by death 1, powered by pain 1
a: Renounce Religion


You were in a labyrinth.
You worshipped Vehumet.
Vehumet was extremely pleased with you.
You were not hungry.

You visited 3 branches of the dungeon, and saw 13 of its levels.
You also visited: Labyrinth.

You collected 519 gold pieces.
You spent 363 gold pieces at shops.

Inventory:

Hand weapons
 a - the +7 dagger of Xom's Castigation (weapon) {venom, *Rage rElec rF+ rC- Int+5}
   (You found it on level 5 of the Dungeon)

   It poisons the flesh of those it strikes.
   It affects your intelligence (+5).
   It protects you from fire.
   It makes you vulnerable to cold.
   It insulates you from electricity.
   It may make you go berserk in combat.
 s - the +7 war axe of Quarrel {chop, *Rage rC+ rN++}
   (You found it on level 6 of the Dungeon)

   It inflicts extra damage upon your enemies.
   It protects you from cold.
   It greatly protects you from negative energy.
   It may make you go berserk in combat.
 w - a +0 blowgun
Missiles
 k - 8 curare-tipped needles
 l - 19 poisoned needles
Armour
 i - a +0 shield
 y - a +2 cloak (worn)
 E - a +1 pair of boots (worn)
 G - the +2 robe "Buadd" (worn) {rElec Dex+6}
   (You found it on level 8 of the Dungeon)

   It affects your dexterity (+6).
   It insulates you from electricity.
Magical staves
 J - an uncursed staff of death
Jewellery
 u - an amulet of faith (around neck)
 x - a +3 ring of protection (right hand)
 C - a ring of stealth (left hand)
 H - an uncursed amulet of guardian spirit
 N - an uncursed ring of invisibility
Scrolls
 b - 5 scrolls of teleportation
 e - a scroll of recharging
 m - 8 scrolls of remove curse
 p - a scroll of fog
 q - 3 scrolls of identify
 z - a scroll of enchant armour
 F - a scroll of blinking
Potions
 d - a potion of might
 h - 3 potions of flight
 r - 5 potions of curing
 A - 3 potions of haste
 B - 2 potions of restore abilities
 I - a potion of cancellation
 M - a potion of brilliance
Books
 c - the Almanac of Intoxication

   Spells                             Type                      Level
   a - Sting                          Conjuration/Poison           1
   b - Spider Form                    Transmutation/Poison         3
 o - a book of Minor Magic

   Spells                             Type                      Level
   a - Magic Dart                     Conjuration                  1
   b - Blink                          Translocation                2
   c - Call Imp                       Summoning                    2
   d - Repel Missiles                 Charms/Air                   2
   e - Slow                           Hexes                        2
   f - Conjure Flame                  Conjuration/Fire             3
   g - Mephitic Cloud                 Conjuration/Poison/Air       3
 t - a book of Changes

   Spells                             Type                      Level
   a - Beastly Appendage              Transmutation                1
   b - Sticks to Snakes               Transmutation                2
   c - Spider Form                    Transmutation/Poison         3
   d - Ice Form                       Ice/Transmutation            4
   e - Blade Hands                    Transmutation                5
Comestibles
 f - 13 bread rations
 j - 6 meat rations
 n - 3 beef jerkies
 v - 9 fruits


   Skills:
 - Level 1.7 Throwing
 * Level 12.1 Spellcasting
 * Level 11.4 Conjurations
 - Level 2.0 Hexes
 - Level 4.0 Poison Magic


You had 13 spell levels left.
You knew the following spells:

 Your Spells              Type           Power        Failure   Level  Hunger
a - Sting                 Conj/Pois      ####         1%          1    None
b - Magic Dart            Conj           ####         1%          1    None
c - Mephitic Cloud        Conj/Pois/Air  #####...     1%          3    None
d - Conjure Flame         Conj/Fire      #####...     1%          3    None
e - Repel Missiles        Chrm/Air       ##....       10%         2    None
f - Blink                 Tloc           N/A          10%         2    None
g - Inner Flame           Hex/Fire       ###.....     3%          3    None
h - Bolt of Cold          Conj/Ice       #####.....   32%         6    #####..


Dungeon Overview and Level Annotations

Branches:
Dungeon (11/15)            Temple (1/1) D:4            Lair (1/8) D:10
    Orc (0/4) D:9

Altars:
Ashenzari
Cheibriados
Dithmenos
Elyvilon
Fedhas
Gozag
Kikubaaqudgha
Makhleb
Nemelex Xobeh
Okawaru
Qazlal
Ru
Sif Muna
Trog
Vehumet
Xom
Yredelemnul
Zin
The Shining One

Shops:
D:5 *

Portals:
Trove: D:10 (give 5 scrolls of blinking)


Innate Abilities, Weirdness & Mutations

You have a pair of small antennae on your head.
You are partially covered in molten scales (AC +1).
You can steal the life force of nearby defeated enemies.
You sometimes gain a little power by taking damage.
You have large cloven feet.


Message History

Confirm with . or Enter, or press ? or * to list all spells.
Aiming: Sting
Press: ? - help, Shift-Dir - straight line, f - minotaur
Aim: a minotaur (lightly wounded)
The sting hits the minotaur.
The minotaur is poisoned.
The minotaur is lightly wounded.
You hit the minotaur.
The minotaur looks even sicker.
The minotaur is lightly wounded.
The minotaur is engulfed in roaring flames.
The minotaur hits you! The minotaur closely misses you.
You hit the minotaur.
The minotaur looks even sicker.
The minotaur is moderately wounded.
The minotaur is engulfed in roaring flames.
The minotaur hits you!!
You focus on the pain.
You feel your power returning. The minotaur gores you.
You hit the minotaur but do no damage.
The minotaur is heavily wounded.
The minotaur is engulfed in roaring flames.
The minotaur hits you!!
You die...

. .## ... ...
▓.## #.
▓..#...# ▓▓+ ▓
.#...# ▓.⌠.
▓......
▓...<▓▓▓..#.#[#
#
+⌠...H@'.....#
▓..⌠.▓▓▓..#...#
▓▓▓+ ..# ....#
▓.## .# # ▓..
#.. ... #...#
#####


You could see a minotaur.

Vanquished Creatures
  A vault guard (D:10)
  The ghost of BluebellGnoll the Cleaver, an experienced MiGl of Okawaru (D:9)
  A fire drake (D:10)
  2 two-headed ogres (D:10)
  A minotaur skeleton (Lab)
  A basilisk (D:10)
  A spriggan (D:9)
  A wyvern (D:10)
  3 hippogriffs
  2 hungry ghosts
  A warg (D:9)
  Edmund (D:7)
  2 water moccasins (D:10)
  A black bear (D:7)
  4 phantoms
  A necrophage (D:8)
  4 sky beasts
  3 ice beasts
  A crocodile (D:9)
  6 orc warriors
  3 centaurs
  5 ogres
  Duvessa (D:9)
  6 giant frogs
  2 big kobolds
  Blork the orc (D:5)
  2 scorpions
  11 killer bees
  An electric eel (D:10)
  Dowan (D:9)
  4 crimson imps
  3 goliath beetles
  4 jellies
  2 giant frog zombies
  3 wights (D:8)
  8 hounds
  A wasp zombie (D:6)
  Crazy Yiuf (D:6)
  An orc priest (D:3)
  A quasit (D:9)
  A gnoll shaman (D:7)
  8 orc wizards
  2 iguanas (D:8)
  10 worker ants
  A hound skeleton (D:8)
  21 adders
  A worker ant zombie (D:7)
  6 gnolls
  A shadow imp (D:6)
  3 worms
  An adder zombie (D:7)
  6 giant geckos
  An ooze (D:1)
  28 orcs
  21 bats
  14 goblins
  27 hobgoblins
  18 jackals
  23 kobolds
  3 quokkas
  A ball python (D:5)
  9 giant cockroaches
  A giant gecko skeleton (D:5)
  A giant gecko zombie (D:6)
  6 giant newts
  A giant spore (D:8)
  A quokka zombie (D:6)
  17 rats
  A ballistomycete (D:8)
333 creatures vanquished.

Vanquished Creatures (collateral kills)
  A killer bee (D:8)
1 creature vanquished.

Grand Total: 334 creatures vanquished

Notes
Turn   | Place    | Note
--------------------------------------------------------------
     0 | D:1      | Chiseanne, the Demonspawn Wanderer, began the quest for the Orb.
     0 | D:1      | Chiseanne set off with: a book of Minor Magic, a scroll of teleportation, the Almanac of Intoxication, a +0 robe, a +0 club, a bread ration
     0 | D:1      | Reached XP level 1. HP: 13/13 MP: 3/3
     0 | D:1      | Identified the Almanac of Intoxication
     2 | D:1      | Learned a level 1 spell: Sting
     4 | D:1      | Learned a level 1 spell: Magic Dart
   619 | D:1      | Gained mutation: You are partially covered in molten scales (AC +1). [demonic ancestry]
   619 | D:1      | Reached XP level 2. HP: 19/19 MP: 1/5
   809 | D:1      | Reached skill level 1 in Conjurations
  1400 | D:1      | Gained mutation: You have a pair of small antennae on your head. [demonic ancestry]
  1400 | D:1      | Reached XP level 3. HP: 24/24 MP: 4/6
  2198 | D:1      | Learned a level 3 spell: Mephitic Cloud
  2202 | D:1      | Learned a level 3 spell: Conjure Flame
  2601 | D:2      | Gained mutation: You have large cloven feet. [potion of beneficial mutation]
  2924 | D:2      | Reached XP level 4. HP: 23/30 MP: 3/10
  4277 | D:3      | Gained mutation: You sometimes gain a little power by taking damage. [demonic ancestry]
  4277 | D:3      | Reached XP level 5. HP: 14/35 MP: 11/13
  5560 | D:4      | Found a staircase to the Ecumenical Temple.
  5600 | Temple   | Entered the Ecumenical Temple
  5655 | Temple   | Became a worshipper of Vehumet
  5718 | D:4      | Reached XP level 6. HP: 41/41 MP: 11/16
  5911 | D:4      | Got an ancient hat
  5917 | D:4      | Identified the +1 hat of Netowyf {rC+ Str+3 Int-4} (You found it on level 4 of the Dungeon)
  5920 | D:4      | Learned a level 2 spell: Repel Missiles
  5923 | D:4      | Learned a level 2 spell: Blink
  6316 | D:5      | Entered Level 5 of the Dungeon
  6316 | D:5      | Noticed Blork the orc
  6620 | D:5      | Got a warped dagger
  6625 | D:5      | Reached skill level 5 in Spellcasting
  6692 | D:5      | Identified the +7 dagger of Xom's Castigation {venom, *Rage rElec rF+ rC- Int+5} (You found it on level 5 of the Dungeon)
  6777 | D:5      | Found an opulent altar of Gozag.
  6789 | D:5      | Found Vaejuxa's Distillery.
  6813 | D:5      | Bought a potion of restore abilities for 55 gold pieces
  6813 | D:5      | Bought a potion of haste for 110 gold pieces
  6813 | D:5      | Bought a potion of agility for 44 gold pieces
  6813 | D:5      | Bought a potion of poison for 11 gold pieces
  6849 | D:5      | Acquired Vehumet's first power
  6849 | D:5      | Offered knowledge of Sandblast by Vehumet.
  6903 | D:5      | Killed Blork the orc
  6906 | D:5      | Reached XP level 7. HP: 29/46 MP: 0/19
  7086 | D:5      | Found Loapror's General Store.
  7238 | D:5      | Reached skill level 6 in Spellcasting
  7385 | D:5      | Reached skill level 5 in Conjurations
  7457 | D:6      | Noticed Crazy Yiuf
  7468 | D:6      | Killed Crazy Yiuf
  8072 | D:6      | Got an encrusted war axe
  8073 | D:6      | Identified the +7 war axe of Quarrel {chop, *Rage rC+ rN++} (You found it on level 6 of the Dungeon)
  8239 | D:6      | Offered knowledge of Throw Frost by Vehumet.
  8297 | D:6      | Reached XP level 8. HP: 52/52 MP: 18/22
  8580 | D:6      | Reached skill level 7 in Spellcasting
  8797 | D:7      | Noticed Edmund
  8809 | D:7      | Killed Edmund
  9195 | D:7      | Reached skill level 8 in Spellcasting
  9440 | D:7      | Offered knowledge of Inner Flame by Vehumet.
  9502 | D:7      | Learned a level 3 spell: Inner Flame
  9568 | D:7      | Gained mutation: You can steal the life force of nearby defeated enemies. [demonic ancestry]
  9568 | D:7      | Reached XP level 9. HP: 37/57 MP: 25/25
  9827 | D:7      | Acquired Vehumet's second power
 10145 | D:7      | Offered knowledge of Sticky Flame by Vehumet.
 10400 | D:8      | Reached skill level 9 in Spellcasting
 10693 | D:8      | Got an ichor-stained robe
 10705 | D:8      | Identified the +2 robe "Buadd" {rElec Dex+6} (You found it on level 8 of the Dungeon)
 11139 | D:8      | Acquired Vehumet's third power
 11216 | D:8      | Found a burning altar of Makhleb.
 11220 | D:8      | Found a snail-covered altar of Cheibriados.
 11225 | D:8      | Found a basalt altar of Yredelemnul.
 11227 | D:8      | Found a deep blue altar of Sif Muna.
 11437 | D:8      | Offered knowledge of Airstrike by Vehumet.
 11439 | D:8      | Reached skill level 10 in Spellcasting
 12018 | D:9      | Reached XP level 10. HP: 63/63 MP: 16/29
 12404 | D:9      | Noticed BluebellGnoll's ghost (experienced MiGl)
 12429 | D:9      | HP: 1/63 [BluebellGnoll's ghost (20)]
 12432 | D:9      | Killed BluebellGnoll's ghost
 12619 | D:9      | Found a sacrificial altar of Ru.
 12619 | D:9      | Found an ancient bone altar of Kikubaaqudgha.
 12649 | D:9      | Identified a +0 rod of inaccuracy (10/10) (You found it on level 9 of the Dungeon)
 12657 | D:9      | Reached skill level 10 in Conjurations
 12770 | D:9      | Found a staircase to the Orcish Mines.
 12871 | D:9      | Offered knowledge of Bolt of Cold by Vehumet.
 12875 | D:9      | Noticed Dowan
 12879 | D:9      | Learned a level 6 spell: Bolt of Cold
 12882 | D:9      | Noticed Duvessa
 12894 | D:9      | Killed Duvessa
 12903 | D:9      | Killed Dowan
 13459 | D:9      | Reached skill level 11 in Spellcasting
 13654 | D:10     | Entered Level 10 of the Dungeon
 14210 | D:10     | Noticed a vault guard
 14223 | D:10     | Killed a vault guard
 14267 | D:10     | Found a portal to a secret trove of treasure.
 14702 | D:10     | Reached XP level 11. HP: 50/68 MP: 13/31
 15280 | D:10     | Reached skill level 12 in Spellcasting
 15651 | D:10     | Found a staircase to the Lair.
 16160 | D:5      | Bought a potion of curing for 33 gold pieces
 16160 | D:5      | Bought a potion of heal wounds for 55 gold pieces
 16160 | D:5      | Bought a potion of restore abilities for 55 gold pieces
 16305 | Lair:1   | Entered Level 1 of the Lair of Beasts
 16335 | Lair:1   | Found a labyrinth entrance.
 16345 | Lab      | Entered a labyrinth
 16949 | Lab      | Noticed a minotaur
 16956 | Lab      | Mangled by a minotaur

Action                   |  1- 3 |  4- 6 |  7- 9 | 10-12 || total
-------------------------+-------+-------+-------+-------++-------
Melee: Club              |    62 |       |       |       ||    62
       Dagger            |       |   190 |    51 |    57 ||   298
       Short sword       |       |     3 |       |       ||     3
       War axe           |       |       |    40 |     8 ||    48
 Cast: Sting             |    88 |    99 |   215 |   220 ||   622
       Magic Dart        |       |    24 |   125 |   153 ||   302
       Mephitic Cloud    |       |     3 |    14 |    18 ||    35
       Conjure Flame     |       |       |    15 |    25 ||    40
       Blink             |       |       |     5 |     2 ||     7
       Bolt of Cold      |       |       |       |     2 ||     2
  Use: Potion            |     3 |     1 |     1 |     3 ||     8
       Scroll            |       |    12 |     4 |     8 ||    24
 Stab: Confused          |       |       |     1 |       ||     1
       Sleeping          |       |       |     1 |     1 ||     2
  Eat: Chunk             |     7 |    12 |    17 |    12 ||    48
       Pizza             |       |       |     1 |     1 ||     2
       Fruit             |       |       |       |    11 ||    11
